 Dungeon Crawl Stone Soup version 0.16.2-12-gd0ad4c3 (webtiles) character file.

159 faibistes the Cudgeler (level 5, -7/53 HPs)
             Began as an Ogre Warper on Dec 10, 2017.
             Killed by divine providence
             ... invoked by an orc priest
              (17 damage)
             ... on level 3 of the Dungeon.
             The game lasted 00:08:59 (2916 turns).

faibistes the Cudgeler (Ogre Warper)                Turns: 2916, Time: 00:08:59

Health: -7/53      AC:  3    Str: 16    XL:     5   Next: 40%
Magic:  2/11       EV: 10    Int: 13    God:
Gold:   93         SH:  0    Dex:  9    Spells: 4 memorised, 3 levels left

rFire  . . .     SeeInvis .     a - +0 mace
rCold  . . .     Clarity  .     b - +0 robe
rNeg   . . .     SustAb   .     (shield restricted)
rPois  .         Gourm    .     (helmet restricted)
rElec  .         Spirit   .     (no cloak)
rCorr  .         Warding  .     (gloves unavailable)
rMut   .         Stasis   .     (boots unavailable)
MR     .....                    (no amulet)
Stlth  +.........               (no ring)
                                (no ring)

@: very slightly contaminated, not resistant to hostile enchantments, very
unstealthy
A: unfitting armour, tough skin 1
a: no special abilities


You were on level 3 of the Dungeon.
You were not hungry.

You visited 1 branch of the dungeon, and saw 3 of its levels.

You collected 93 gold pieces.

Inventory:

Hand weapons
 a - a +0 mace (weapon)
Missiles
 e - 5 tomahawks of dispersal
 j - 29 stones (quivered)
Armour
 b - a +0 robe (worn)
Magical devices
 m - a wand of slowing (11)
Scrolls
 k - 2 scrolls of remove curse {unknown}
 q - 3 scrolls of magic mapping
 t - a scroll of teleportation {unknown}
Potions
 p - a potion of brilliance
Books
 c - a book of Spatial Translocations

   Spells                             Type                      Level
   a - Apportation                    Translocation                1
   b - Blink                          Translocation                2
   c - Shroud of Golubria             Charms/Translocation         2
   d - Portal Projectile              Translocation                3
   e - Teleport Other                 Translocation                3
   f - Passage of Golubria            Translocation                4
Comestibles
 f - 2 meat rations
 g - a slice of pizza
 o - a beef jerky
 r - 2 bread rations


   Skills:
 + Level 3.1 Fighting
 * Level 4.2 Maces & Flails
 * Level 2.1 Throwing
 + Level 1.2 Armour
 - Level 1.7 Dodging
 * Level 3.6 Spellcasting
 * Level 2.8 Translocations


You had 3 spell levels left.
You knew the following spells:

 Your Spells              Type           Power        Failure   Level  Hunger
a - Apportation           Tloc           #.........   10%         1    #......
b - Teleport Other        Tloc           #.......     21%         3    ###....
c - Shroud of Golubria    Chrm/Tloc      #.........   21%         2    ##.....
d - Blink                 Tloc           N/A          12%         2    ##.....


Dungeon Overview and Level Annotations

Branches:
Dungeon (3/15)

Altars:
Cheibriados
Kikubaaqudgha
Trog


Innate Abilities, Weirdness & Mutations

You are too large for most types of armour.
You have tough skin (AC +1).


Message History

Unknown command.
Read which item? (? for menu, Esc to quit)
Okay, then.
Drink which item? (? for menu, Esc to quit)
Okay, then.
Read which item? (? for menu, Esc to quit)
Sorry, you can't target what you can't see.
Blink to where?
Press: ? - help, Dir - move target cursor You can't see that place. [Stash: a chunk of flesh (...1)] [the floor.]
Okay, then.
Read which item? (? for menu, Esc to quit)
Blink to where?
Press: ? - help, Dir - move target cursor
As you read the scroll of blinking, it crumbles to dust.
The orc priest calls down the wrath of Beogh upon you.
Something smites you!
You die...

#.. P...# .# #.#
##....P ...##.#
#.♣≈≈.
.....#.#.#.♣≈≈♣ . #
......#.#.#..≈≈♣♣...
........ #.≈♣≈≈.P...
.....# #..≈≈≈♣♣ ..
#.>###..≈≈≈≈♣...
#..)@rooo.≈.....
#.#####.♣.P..P...
#.# ##§......# #.#
##PP..### #.# ##P♣#
#.# ## #.# #.# #)#


You could see an orc priest, 2 orcs and a rat.

Vanquished Creatures
  An orc wizard (D:3)
  Terence (D:3)
  3 adders
  2 gnolls
  3 worms
  2 oozes (D:1)
  4 orcs
  2 ball pythons (D:2)
  6 bats
  A giant cockroach (D:1)
  4 goblins
  7 hobgoblins
  3 jackals (D:3)
  2 quokkas
  3 giant newts
  5 kobolds
  4 rats
53 creatures vanquished.

Notes
Turn   | Place    | Note
--------------------------------------------------------------
     0 | D:1      | faibistes, the Ogre Warper, began the quest for the Orb.
     0 | D:1      | Reached XP level 1. HP: 22/22 MP: 3/3
   206 | D:1      | Reached skill level 3 in Maces & Flails
   206 | D:1      | Reached XP level 2. HP: 7/29 MP: 5/5
   213 | D:1      | Learned a level 2 spell: Blink
   216 | D:1      | Learned a level 2 spell: Shroud of Golubria
   913 | D:1      | Reached XP level 3. HP: 37/37 MP: 6/6
  1255 | D:1      | Reached skill level 1 in Armour
  1627 | D:2      | Reached XP level 4. HP: 29/45 MP: 6/9
  1653 | D:2      | Learned a level 3 spell: Teleport Other
  2036 | D:2      | Found a bloodstained altar of Trog.
  2120 | D:2      | Reached skill level 4 in Maces & Flails
  2376 | D:2      | Found an ancient bone altar of Kikubaaqudgha.
  2566 | D:2      | Found a snail-covered altar of Cheibriados.
  2619 | D:2      | Reached XP level 5. HP: 23/53 MP: 9/11
  2832 | D:3      | Noticed Terence
  2854 | D:3      | Killed Terence
  2916 | D:3      | Killed from afar by an orc priest

Action                   |  1- 3 |  4- 6 || total
-------------------------+-------+-------++-------
Melee: Mace              |    97 |   139 ||   236
Throw: Stone             |    25 |    35 ||    60
 Cast: Shroud of Golubri |     9 |    14 ||    23
       Blink             |       |     2 ||     2
Evoke: Wand              |       |     1 ||     1
  Use: Scroll            |     1 |     5 ||     6
       Potion            |       |     3 ||     3
  Eat: Chunk             |     3 |     4 ||     7
       Meat ration       |       |     1 ||     1
